 Dungeon Crawl Stone Soup version 0.27.1-33-g824d729ab1 (webtiles) character file.

Game seed: 8373985537740158486

3105 djsenpai the Protected (level 9, -5/118 HPs)
             Began as a Minotaur Berserker on Dec 11, 2021.
             Was an Elder of Trog.
             Splashed by an acid dragon's acid (13 damage)
             ... on level 8 of the Dungeon.
             The game lasted 00:18:59 (5922 turns).

djsenpai the Protected (Minotaur Berserker)         Turns: 5922, Time: 00:19:01

Health: -5/118     AC:  1    Str: 25    XL:     9   Next: 60%
Magic:  8/8        EV: 12    Int:  4    God:    Trog [****..]
Gold:   201        SH:  0    Dex: 10    Spells: 8/8 levels left

rFire    . . .     SeeInvis +   B - +4 flail (freeze)
rCold    . . .     Faith    .   (no shield)
rNeg     . . .     Spirit   .   d - +0 scale mail
rPois    .         Reflect  .   (helmet restricted)
rElec    .         Harm     .   i - +0 cloak
rCorr    .         Rampage  .   (no gloves)
Will     ++...                  (no boots)
Stlth    ..........             r - amulet of regeneration
HPRegen  2.29/turn              A - ring of see invisible
MPRegen  0.11/turn              (no ring)

@: berserking, lethally poisoned (-5 -> -9), strong-willed, corroded,
regenerating, very quick
A: horns 2, retaliatory headbutt
a: Renounce Religion, Berserk, Trog's Hand, Brothers in Arms


You were on level 8 of the Dungeon.
You worshipped Trog.
Trog was greatly pleased with you.
You visited 1 branch of the dungeon, and saw 8 of its levels.

You collected 381 gold pieces.
You spent 180 gold pieces at shops.

Inventory:

Hand Weapons
 y - the +6 falchion "Biywkaal" {chaos, Str+3}
   (You found it on level 7 of the Dungeon)

   Each time it hits an enemy it has a different, random effect.
   Str:       It affects your strength (+3).
 B - a +4 flail of freezing (weapon)
Missiles
 x - a throwing net (quivered)
Armour
 d - a +0 scale mail (worn)
 i - a +0 cloak (worn)
Jewellery
 r - an amulet of regeneration (around neck)
 t - an amulet of reflection
 A - a ring of see invisible (left hand)
Wands
 n - a wand of mindburst (17)
 o - a wand of paralysis (8)
 q - a wand of iceblast (10)
Scrolls
 a - 2 scrolls of noise {unknown}
 c - 3 scrolls of vulnerability
 e - 2 scrolls of teleportation {unknown}
 f - 2 scrolls of amnesia {unknown}
 g - a scroll of silence {unknown}
 l - a scroll of immolation {unknown}
 m - a scroll of enchant weapon {unknown}
 s - a scroll of magic mapping {unknown}
 C - 2 scrolls of identify {unknown}
 D - a scroll of blinking {unknown}
 F - a scroll of summoning {unknown}
Potions
 b - a potion of flight {unknown}
 h - 4 potions of lignification {unknown}
 j - 3 potions of cancellation {unknown}
 k - 2 potions of heal wounds {unknown}
 p - a potion of ambrosia {unknown}
 u - a potion of berserk rage {unknown}
 v - 2 potions of brilliance {unknown}
 w - a potion of degeneration {unknown}
 z - a potion of curing {unknown}
 E - a potion of magic {unknown}


   Skills:
 * Level 7.6 Fighting
 - Level 0.9(2.1) Short Blades
 * Level 3.3(3.5) Long Blades
 + Level 8.0 Maces & Flails
 * Level 9.4 Armour
 * Level 5.9 Dodging
 + Level 1.2 Stealth
 * Level 4.8 Shields


You had 8 spell levels left.
You didn't know any spells.
Your spell library was empty.

Dungeon Overview and Level Annotations

Branches:
Dungeon (8/15)             Temple (0/1) D:4
   Lair: D:8-11

Altars:
Dithmenos
Fedhas

Shops:
D:7 [=[

Annotations:
D:6 2 runed translucent doors, ystael's ghost, novice MiFi


Innate Abilities, Weirdness & Mutations

You have a pair of horns on your head.
You reflexively headbutt those who attack you in melee.


Message History

The water moccasin bites you.
You are poisoned.
The water moccasin poisons you! The water moccasin bites you.
You feel very sick.
There is an open door here.
You feel very sick.
You feel sick. The water moccasin bites you!
You are more poisoned.
The water moccasin poisons you!
You feel very sick.
You see here 25 stones.
Your skin crawls.
You feel strong-willed.
You feel very sick. The water moccasin bites you!
You are more poisoned.
The water moccasin poisons you!
A red film seems to cover your vision as you go berserk!
You feel yourself moving faster!
You feel mighty!
You feel very sick. The water moccasin bites you.
* * * LOW HITPOINT WARNING * * *
The water moccasin closely misses you.
You thump the water moccasin!
The water moccasin seems to slow down.
You freeze the water moccasin. You headbutt the water moccasin.
You kill the water moccasin!
Trog accepts your kill.
You feel very sick. The acid dragon bites you!
* * * LOW HITPOINT WARNING * * *
The acid dragon claws you.
* * * LOW HITPOINT WARNING * * *
You sock the acid dragon! You freeze the acid dragon.
The acid dragon is moderately wounded.
You feel very sick. The acid dragon spits acid at you.
The splash of acid hits you!
* * * LOW HITPOINT WARNING * * *
The acid corrodes you!
You are splashed with acid!
You die...

#+##### ###+#
.....##.... ....#...###
..#..#...$$# #.#).#.#
#.#..'.# #.#..#.#
#.#D.#..# #.#.@#...# #
+#####.#..##.... .#
..........#####+#####..#
########...............#
#...............#
#########.......#
#.####### #.# #.#


You could see an acid dragon (catching breath).

Vanquished Creatures
  Pikel (D:4)
  A wyvern (D:8)
  3 water moccasins
  An orc warrior (D:7)
  A sky beast (D:5)
  2 black bears
  A necrophage (D:4)
  An ogre (D:6)
  A lemure (D:4)
  2 bullfrogs (D:7)
  2 wyvern skeletons
  A vampire bat (D:5)
  8 wights (D:7)
  4 howler monkeys
  2 bullfrog zombies
  A centaur zombie (D:7)
  An orc priest (D:7)
  2 gnoll shamans
  A hound (D:4)
  A centaur skeleton (D:7)
  Jessica (D:2)
  A bullfrog skeleton (D:4)
  An iguana (D:6)
  5 orc wizards
  Natasha (thrice) (D:2)
  A killer bee zombie (D:7)
  A hound zombie (D:5)
  A hound skeleton (D:4)
  A howler monkey zombie (D:7)
  7 gnolls
  6 adders
  A howler monkey skeleton (D:7)
  A white imp (D:4)
  An ufetubus (D:7)
  A worm (D:2)
  A dart slug (D:2)
  3 fire bats (D:5)
  13 orcs
  2 spectral bats (D:5)
  3 bat skeletons (D:5)
  A bat zombie (D:5)
  An endoplasm (D:2)
  4 giant cockroaches
  5 goblins
  13 hobgoblins
  8 kobolds
  2 quokkas
  3 ball pythons
  16 bats
  A bat simulacrum (D:5)
  6 frilled lizards
  4 rats
155 creatures vanquished.

Vanquished Creatures (others)
  A plant (D:6)
1 creature vanquished.

Grand Total: 156 creatures vanquished

Notes
Turn   | Place    | Note
-------+----------+-------------------------------------------
     0 | D:1      | djsenpai the Minotaur Berserker began the quest for the
                  | Orb.
     0 | D:1      | Reached XP level 1. HP: 19/19 MP: 0/0
   178 | D:1      | Found a faded altar of an unknown god.
   245 | D:1      | Reached XP level 2. HP: 25/27 MP: 1/1
   307 | D:1      | Reached skill level 3 in Armour
   401 | D:1      | Reached XP level 3. HP: 32/33 MP: 2/2
   761 | D:2      | Noticed Jessica
   768 | D:2      | Killed Jessica
  1133 | D:2      | Reached XP level 4. HP: 35/40 MP: 3/3
  1173 | D:2      | Reached skill level 1 in Shields
  1246 | D:2      | Reached ** piety under Trog
  1361 | D:2      | Noticed Natasha
  1365 | D:2      | Killed Natasha
  1619 | D:2      | Noticed Natasha
  1625 | D:2      | Killed Natasha
  1626 | D:2      | Reached XP level 5. HP: 45/47 MP: 4/4
  1776 | D:2      | Noticed Natasha
  1784 | D:2      | Killed Natasha
  1785 | D:2      | Reached skill level 4 in Armour
  2324 | D:3      | Found a blossoming altar of Fedhas.
  2792 | D:4      | Reached skill level 5 in Armour
  2792 | D:4      | Reached XP level 6. HP: 47/53 MP: 5/5
  2889 | D:4      | Reached *** piety under Trog
  3072 | D:4      | Found a staircase to the Ecumenical Temple.
  3072 | D:4      | Noticed Pikel
  3096 | D:4      | Reached skill level 6 in Armour
  3096 | D:4      | Reached XP level 7. HP: 54/60 MP: 6/6
  3103 | D:4      | HP: 3/60 [Pikel (11)]
  3133 | D:4      | HP: 2/60 [Pikel (19)]
  3141 | D:4      | Killed Pikel
  3142 | D:4      | Reached skill level 5 in Fighting
  3142 | D:4      | Reached skill level 5 in Maces & Flails
  3142 | D:4      | Reached skill level 7 in Armour
  3142 | D:4      | Reached skill level 5 in Dodging
  3270 | D:4      | Reached XP level 8. HP: 68/68 MP: 7/7
  3468 | D:5      | Entered Level 5 of the Dungeon
  3899 | D:5      | Reached skill level 8 in Armour
  4074 | D:6      | Reached skill level 1 in Stealth
  4212 | D:6      | Reached **** piety under Trog
  4241 | D:6      | Found a shadowy altar of Dithmenos.
  4262 | D:6      | Found a runed translucent door.
  4266 | D:6      | Noticed ystael's ghost (novice MiFi)
  4392 | D:6      | Found a runed translucent door.
  4954 | D:7      | Found Fupefe's Armour Shoppe.
  4954 | D:7      | Found Ingute's Jewellery Shoppe.
  4966 | D:7      | Identified the +6 falchion "Biywkaal" {chaos, Str+3}
  5005 | D:7      | Bought a ring of see invisible for 180 gold pieces
  5086 | D:7      | Reached skill level 1 in Long Blades
  5149 | D:7      | Reached XP level 9. HP: 77/78 MP: 8/8
  5224 | D:7      | Found Ufotykeece's Antique Armour Emporium.
  5419 | D:7      | Reached skill level 9 in Armour
  5922 | D:8      | Splashed by an acid dragon's acid

Illustrated notes

Levels and vault maps discovered:
D:1:      sevenhm_arrival_forest_fort_small_5, layout_basic,
          shapermc_ecumenical_altar_pompeii
D:2:      layout_basic, hangedman_decor_riveting, grunt_ministairs_2,
          uniq_natasha, uniq_jessica
D:3:      layout_basic, mainiacjoe_overflow_paths
D:4:      kennysheep_six_static_rooms, layout_loops_ring,
          minmay_temple_entry_ruins, uniq_crazy_yiuf_cottage, uniq_pikel
D:5:      layout_rooms, serial_glass, glass_columns_b, glass_columns_b,
          glass_columns_c, goddamned_bats
D:6:      layout_basic, grunt_dithmenos_smoke_and_mirrors,
          ebering_ghost_sewer_f, serial_bayou_lagoon_a
D:7:      layout_loops_ring, serial_shops, nicolae_shop_behind_doors, shop,
          shop, grunt_ministairs_6
D:8:      minmay_the_grid_plus [minmay_the_grid_x, minmay_the_grid_medium_cups,
          minmay_the_grid_minigrid_medium, minmay_the_grid_dragon_a,
          minmay_the_grid_prize_big_room], layout_basic, kennysheep_mini,
          trog_butcher_becter, serial_ice, serial_ice_d, serial_ice_a,
          serial_ice_i, serial_ice_f, kennysheep_generic_room_13

Skill      XL: |  1  2  3  4  5  6  7  8  9 |
---------------+----------------------------+-----
Armour         | 3 5 6 7 8 9 |  9.4
Fighting       | 4 5 6 7 |  7.6
Shields        | 1 2 3 4 |  4.8
Maces & Flails | 4 5 7 8 |  8.0
Dodging        | 3 4 5 |  5.9
Stealth        | 1 |  1.2
Long Blades    | 1 3 |  3.3
Short Blades   | |  0.9

Action                   |  1- 3 |  4- 6 |  7- 9 || total
-------------------------+-------+-------+-------++-------
Melee: Mace              |    19 |       |       ||    19
       Headbutt          |     9 |    21 |    35 ||    65
       Short sword       |    28 |     1 |       ||    29
       Whip              |       |   105 |   149 ||   254
       Flail             |       |       |    64 ||    64
Invok: Berserk           |     1 |     1 |     6 ||     8
       Trog's Hand       |       |       |     3 ||     3
  Use: Scroll            |       |       |     1 ||     1
Armor: Animal skin       |     2 |       |       ||     2
       Scale mail        |    16 |    46 |   104 ||   166
Dodge: Dodged            |    36 |    64 |   142 ||   242
